 Dungeon Crawl Stone Soup version 0.25-a0-253-g6f1b5d974a (webtiles) character file.

Game seed: 7014843684472642658, levelgen mode: deterministic

460 Lanoc the Firebug (level 7, -10/45 HPs)
             Began as a Gnoll Fire Elementalist on Dec 5, 2019.
             Was an Initiate of Hepliaklqana.
             Shot with an arrow by a centaur (11 damage)
             ... on level 5 of the Dungeon.
             The game lasted 00:09:36 (3313 turns).

Lanoc the Firebug (Gnoll Fire Elementalist)         Turns: 3313, Time: 00:09:37

Health: -10/45     AC:  2    Str: 10 (11) XL:     7   Next: 7%
Magic:  12/15      EV: 15    Int: 16 (19) God:    Hepliaklqana [......]
Gold:   241        SH:  0    Dex: 15      Spells: 4/17 levels left

rFire    . . .     SeeInvis .   y - +0 dagger (venom)
rCold    . . .     Gourm    .   (no shield)
rNeg     . . .     Faith    .   a - +0 robe
rPois    .         Spirit   .   (no helmet)
rElec    .         Reflect  .   (no cloak)
rCorr    .         Harm     .   (no gloves)
MR       .....                  (no boots)
Stlth    +++.......             (no amulet)
HPRegen  0.15/turn              (no ring)
MPRegen  0.14/turn              (no ring)

@: no status effects
A: distributed training, reduced essence, fangs 1, strong nose
a: Recall Ancestor, Ancestor Identity, Renounce Religion


You were on level 5 of the Dungeon.
You worshipped Hepliaklqana.
Hepliaklqana was noncommittal.
You were not hungry.

You visited 1 branch of the dungeon, and saw 5 of its levels.

You collected 241 gold pieces.

Inventory:

Hand Weapons
 r - a +0 hunting sling
 y - a +0 dagger of venom (weapon)
Missiles
 b - 61 arrows
 d - 4 silver boomerangs
 h - 6 atropa-tipped darts (quivered)
 j - 69 sling bullets
 v - 8 poisoned darts
Armour
 a - a +0 robe (worn)
 o - a +0 buckler
Scrolls
 g - a scroll of immolation {unknown}
 k - a scroll of noise {unknown}
 l - 2 scrolls of teleportation {unknown}
 p - 4 scrolls of identify {unknown}
 q - 2 scrolls of fog {unknown}
 t - 2 scrolls of remove curse {unknown}
 z - a scroll of amnesia {unknown}
Potions
 f - a potion of flight
 n - 3 potions of degeneration
 s - a potion of berserk rage {unknown}
 u - a potion of might {unknown}
 w - a potion of resistance {unknown}
Comestibles
 c - 10 rations
 x - 7 chunks of flesh


   Skills:
 + Level 2.2 Fighting
 + Level 2.2 Short Blades
 + Level 2.2 Long Blades
 + Level 2.2 Axes
 + Level 2.2 Maces & Flails
 + Level 2.2 Polearms
 + Level 2.2 Staves
 + Level 2.2 Slings
 + Level 2.2 Bows
 + Level 2.2 Crossbows
 + Level 2.2 Throwing
 + Level 2.2 Armour
 + Level 5.1 Dodging
 + Level 4.7 Stealth
 + Level 2.2 Shields
 + Level 2.2 Unarmed Combat
 + Level 5.5 Spellcasting
 + Level 2.8 Conjurations
 + Level 1.8 Hexes
 + Level 1.8 Charms
 + Level 1.8 Summonings
 + Level 1.8 Necromancy
 + Level 1.8 Translocations
 + Level 1.8 Transmutations
 + Level 5.7 Fire Magic
 + Level 1.8 Ice Magic
 + Level 1.8 Air Magic
 + Level 1.8 Earth Magic
 + Level 1.8 Poison Magic
 + Level 2.4 Invocations
 + Level 2.2 Evocations


You had 4 spell levels left.
You knew the following spells:

 Your Spells              Type           Power        Failure   Level  Hunger
a - Foxfire               Conj/Fire      ###.         2%          1    None
b - Sticky Flame          Conj/Fire      ###.....     24%         4    ####...
c - Fireball              Conj/Fire      ###.......   56%         5    ######.
d - Conjure Flame         Conj/Fire      ###.....     8%          3    ###....

Your spell library contained the following spells:

 Spells                   Type           Power        Failure   Level  Hunger
 Inner Flame              Hex/Fire       ###.....     10%         3    ###....


Dungeon Overview and Level Annotations

Branches:
Dungeon (5/15)
 Temple: D:4-7

Altars:
Ashenzari
Fedhas
Hepliaklqana
Kikubaaqudgha
Nemelex Xobeh
Qazlal
Ru


Innate Abilities, Weirdness & Mutations

Your experience applies equally to all skills.
You have very sharp teeth.
Your uncanny sense of smell can sniff out nearby items.
Your life essence is reduced to manifest your ancestor. (-10% HP)


Message History

The arrow barely misses you.
You see here 2 arrows.
The centaur shoots an arrow.
The arrow barely misses Edwyna.
The arrow barely misses you.
The centaur shoots an arrow.
The arrow hits Edwyna!
Edwyna hits the centaur.
The centaur shoots an arrow.
The arrow closely misses you.
Things that are here:
an arrow; an iguana skeleton Edwyna closely misses the centaur.
Your magical contamination has completely faded away.
Some of the chunks of flesh in your inventory have rotted away.
The centaur unwields a +0 shortbow.
The centaur hits Edwyna!
The centaur shoots an arrow.
The arrow misses you.
Edwyna barely misses the centaur.
The centaur wields a +0 shortbow.
The centaur shoots an arrow.
The arrow barely misses you.
There is a stone staircase leading up here.
The centaur shoots an arrow.
The arrow hits you!
* * * LOW HITPOINT WARNING * * *
The centaur shoots an arrow.
The arrow hits you!
You die...

#....##### ....
####.#...#####.....
######.#.......#.....
#......)......c......
#...........(.R......
#....................
#.........(..o.......
#...............c....
#........(@?.........
#....................
#........(...........
#....................
#....................
#...................
#............?.....
#.................
#...........


You could see the friendly Edwyna the ancestor, 2 centaurs and an orc.

Vanquished Creatures
  A phantom (D:4)
  A scorpion (D:5)
  An orc wizard (D:5)
  2 iguanas (D:5)
  A worker ant (D:5)
  2 adders
  3 oozes
  An adder skeleton (D:4)
  A worm (D:2)
  2 dart slugs (D:2)
  9 orcs
  8 bats
  4 giant cockroaches
  8 goblins
  6 hobgoblins
  3 jackals (D:3)
  5 kobolds
  2 quokkas
  A ball python (D:1)
  8 frilled lizards
  3 rats
72 creatures vanquished.

Vanquished Creatures (collateral kills)
  An orc priest (D:4)
  An iguana (D:5)
  2 worker ants
  An adder skeleton (D:4)
  3 orcs
8 creatures vanquished.

Vanquished Creatures (others)
  An ancestor (D:5)
  197 foxfires
198 creatures vanquished.

Grand Total: 278 creatures vanquished

Notes
Turn   | Place    | Note
-------+----------+-------------------------------------------
     0 | D:1      | Lanoc the Gnoll Fire Elementalist began the quest for the
                  | Orb.
     0 | D:1      | Reached XP level 1. HP: 13/13 MP: 6/6
    63 | D:1      | Reached XP level 2. HP: 11/19 MP: 4/7
   810 | D:1      | Reached XP level 3. HP: 25/25 MP: 6/9
   901 | D:2      | Reached skill level 5 in Spellcasting
  1053 | D:2      | Reached skill level 1 in Invocations
  1413 | D:2      | Reached skill level 1 in Fighting
  1413 | D:2      | Reached skill level 1 in Short Blades
  1413 | D:2      | Reached skill level 1 in Long Blades
  1413 | D:2      | Reached skill level 1 in Axes
  1413 | D:2      | Reached skill level 1 in Maces & Flails
  1413 | D:2      | Reached skill level 1 in Polearms
  1413 | D:2      | Reached skill level 1 in Staves
  1413 | D:2      | Reached skill level 1 in Slings
  1413 | D:2      | Reached skill level 1 in Bows
  1413 | D:2      | Reached skill level 1 in Crossbows
  1413 | D:2      | Reached skill level 1 in Throwing
  1413 | D:2      | Reached skill level 1 in Armour
  1413 | D:2      | Reached skill level 1 in Shields
  1413 | D:2      | Reached skill level 1 in Unarmed Combat
  1413 | D:2      | Reached skill level 1 in Evocations
  1465 | D:2      | Reached XP level 4. HP: 27/32 MP: 6/11
  2117 | D:3      | Reached skill level 1 in Hexes
  2117 | D:3      | Reached skill level 1 in Charms
  2117 | D:3      | Reached skill level 1 in Summonings
  2117 | D:3      | Reached skill level 1 in Necromancy
  2117 | D:3      | Reached skill level 1 in Translocations
  2117 | D:3      | Reached skill level 1 in Transmutations
  2117 | D:3      | Reached skill level 1 in Ice Magic
  2117 | D:3      | Reached skill level 1 in Air Magic
  2117 | D:3      | Reached skill level 1 in Earth Magic
  2117 | D:3      | Reached skill level 1 in Poison Magic
  2547 | D:3      | Found a hazy altar of Hepliaklqana.
  2559 | D:3      | Became a worshipper of Hepliaklqana the Forgotten
  2677 | D:4      | Noticed a phantom
  2689 | D:4      | Killed a phantom
  2689 | D:4      | Reached XP level 5. HP: 33/33 MP: 8/12
  2789 | D:4      | Reached XP level 6. HP: 39/39 MP: 6/13
  2843 | D:4      | Found a stormy altar of Qazlal.
  2856 | D:4      | Found a blossoming altar of Fedhas.
  3015 | D:4      | Found a sacrificial altar of Ru.
  3044 | D:4      | Found an ancient bone altar of Kikubaaqudgha.
  3049 | D:4      | Found a shattered altar of Ashenzari.
  3051 | D:4      | Found a sparkling altar of Nemelex Xobeh.
  3130 | D:5      | Entered Level 5 of the Dungeon
  3176 | D:5      | Reached skill level 5 in Dodging
  3223 | D:5      | Learned a level 4 spell: Sticky Flame
  3229 | D:5      | Learned a level 5 spell: Fireball
  3233 | D:5      | Learned a level 3 spell: Conjure Flame
  3298 | D:5      | Reached XP level 7. HP: 21/45 MP: 11/15
  3313 | D:5      | HP: 1/45 [centaur/arrow (8)]
  3313 | D:5      | Shot with an arrow by a centaur

Levels and vault maps discovered:
D:1:      scummos_arrival_gate, layout_basic, supply_closet_lemuel
D:2:      wad_lake_hut, layout_rooms, first_ration
D:3:      layout_rooms, old_standard_altar
D:4:      layout_cave_pools, nicolae_ru_awakened_eye, minitemple,
          grunt_temple_overflow_forces_of_nature
D:5:      layout_basic, serial_shops, shop_statue, uniq_ijyb

Skill      XL: |  1  2  3  4  5  6 |
---------------+-------------------+-----
Conjurations   | 2 |  2.8
Spellcasting   | 5 |  5.5
Invocations    | 1 2 |  2.4
Fighting       | 1 2 |  2.2
Short Blades   | 1 2 |  2.2
Long Blades    | 1 2 |  2.2
Axes           | 1 2 |  2.2
Maces & Flails | 1 2 |  2.2
Polearms       | 1 2 |  2.2
Staves         | 1 2 |  2.2
Slings         | 1 2 |  2.2
Bows           | 1 2 |  2.2
Crossbows      | 1 2 |  2.2
Throwing       | 1 2 |  2.2
Armour         | 1 2 |  2.2
Shields        | 1 2 |  2.2
Unarmed Combat | 1 2 |  2.2
Evocations     | 1 2 |  2.2
Hexes          | 1 |  1.8
Charms         | 1 |  1.8
Summonings     | 1 |  1.8
Necromancy     | 1 |  1.8
Translocations | 1 |  1.8
Transmutations | 1 |  1.8
Ice Magic      | 1 |  1.8
Air Magic      | 1 |  1.8
Earth Magic    | 1 |  1.8
Poison Magic   | 1 |  1.8
Dodging        | 5 |  5.1
Stealth        | |  4.7
Fire Magic     | |  5.7

Action                   |  1- 3 |  4- 6 |  7- 9 || total
-------------------------+-------+-------+-------++-------
Melee: Unarmed           |    11 |     8 |       ||    19
       Bite              |     1 |     2 |       ||     3
       Dagger            |       |    42 |     2 ||    44
 Cast: Foxfire           |    59 |    64 |     1 ||   124
Invok: Recall Ancestor   |       |     1 |       ||     1
  Use: Potion            |       |     6 |       ||     6
  Eat: Chunk             |     2 |     5 |       ||     7
Armor: Robe              |     2 |     4 |     1 ||     7
       Skin              |       |     9 |       ||     9
Dodge: Dodged            |    29 |    53 |     5 ||    87

Table legend:
 A = Non-vault XP
 B = Vault XP
 C = Vault XP percentage of total XP
 D = Non-vault monster count
 E = Vault monster count
 F = Vault count percentage of total count
                 A         B        C        D         E       F
            +---------+---------+-------+---------+---------+-------
      Total |     658 |       0 |   0.0 |      80 |       0 |   0.0
            +---------+---------+-------+---------+---------+-------
        D:1 |      36 |       0 |   0.0 |      22 |       0 |   0.0
        D:2 |      48 |       0 |   0.0 |      14 |       0 |   0.0
        D:3 |      60 |       0 |   0.0 |      21 |       0 |   0.0
        D:4 |     226 |       0 |   0.0 |      13 |       0 |   0.0
        D:5 |     288 |       0 |   0.0 |      10 |       0 |   0.0
            +---------+---------+-------+---------+---------+-------
